 Dungeon Crawl Stone Soup version 0.29-a0-251-g80730f7218 (webtiles) character file.

Game seed: 3313876878403736166

6 bromine the Magician (level 2, -1/21 HPs)
             Began as a Djinni Hedge Wizard on Mar 5, 2022.
             Slain by a quokka (2 damage)
             ... on level 1 of the Dungeon.
             The game lasted 00:02:34 (490 turns).

bromine the Magician (Djinni Hedge Wizard)           Turns: 490, Time: 00:02:36

Health: -1/21      AC:  5    Str:  9    XL:     2   Next: 0%
Gold:   6          EV: 10    Int: 15    God:
                   SH:  0    Dex: 12

rFire   + + .      SeeInvis .   d - +0 great sword
rCold   x . .      Faith    .   (shield currently unavailable)
rNeg    . . .      Spirit   .   e - +0 ring mail
rPois   ∞          Reflect  .   c - +0 hat
rElec   .          Harm     .   (no cloak)
rCorr   .          Rampage  .   (no gloves)
Will    .....                   (boots unavailable)
Stlth   +.........              (no amulet)
HPRegen 0.07/turn               (no ring)
MPRegen 0.00/turn               (no ring)

@: flying
A: sickness immunity, fire resistance 2, cold vulnerability 1, float, innate
caster, HP casting, extra vitality 1
a: no special abilities


You were on level 1 of the Dungeon.
You visited 1 branch of the dungeon, and saw 1 of its levels.

You collected 6 gold pieces.

Inventory:

Hand Weapons
 a - a +0 dagger
 d - a +0 great sword (weapon)
Armour
 b - a +0 robe
 c - a +0 hat (worn)
 e - a +0 ring mail (worn)
Potions
 f - a potion of curing


   Skills:
 + Level 0.1 Long Blades
 + Level 2.2 Dodging
 + Level 1.7 Stealth
 + Level 2.6 Spellcasting


You couldn't memorise any spells.
You knew the following spells:

 Your Spells              Type           Power      Damage    Failure   Level
a - Magic Dart            Conj           36%        1d4       21%         1
b - Blink                 Tloc           18%        N/A       30%         2
c - Call Imp              Summ           9%         N/A       30%         2
d - Slow                  Hex            36%        N/A       21%         1
e - Conjure Flame         Conj/Fire      9%         6-21      52%         3
f - Mephitic Cloud        Conj/Pois/Air  9%         N/A       52%         3
Your spell library was empty.

Dungeon Overview and Level Annotations

Branches:
Dungeon (1/15)

Altars:

Shops:
D:1 [


Innate Abilities, Weirdness & Mutations

You are immune to sickness and miasma.
You are immune to poison.
Your flesh is very heat resistant. (rF++)
You are vulnerable to cold. (rC-)
You float through the air rather than walking.
You learn spells naturally, not from books.
Your magical power is your life essence.
You have superior vitality. (+4 MHP)


Message History

You barely miss the hobgoblin.
The hobgoblin is moderately wounded.
The bat barely misses you. The bat hits you.
* * * LOW HITPOINT WARNING * * *
The hobgoblin barely misses you. The rat bites you but does no damage.
The hobgoblin barely misses you.
You hit the hobgoblin but do no damage.
The hobgoblin is moderately wounded.
The bat closely misses you. The rat barely misses you.
The hobgoblin hits you but does no damage.
The rat closely misses you.
You barely miss the hobgoblin.
The hobgoblin is moderately wounded.
The bat barely misses you. The hobgoblin closely misses you.
The rat barely misses you. The hobgoblin hits you.
* * * LOW HITPOINT WARNING * * *
The rat bites you but does no damage. The bat barely misses you.
It was a potion of curing.
You feel better. The bat hits you. The bat misses you.
The hobgoblin hits you but does no damage.
The rat bites you.
* * * LOW HITPOINT WARNING * * *
You slash the hobgoblin!
You kill the hobgoblin!
The bat closely misses you.
A quokka comes into view.
The rat closely misses you.
You have reached level 2!
You barely miss the bat. The bat hits you but does no damage.
The bat closely misses you. The rat bites you.
* * * LOW HITPOINT WARNING * * *
The rat closely misses you. The bat hits you but does no damage.
The quokka barely misses you.
You closely miss the bat. The bat hits you but does no damage.
The bat hits you.
* * * LOW HITPOINT WARNING * * *
The rat misses you. The rat bites you.
* * * LOW HITPOINT WARNING * * *
The quokka bites you.
You die...

.......########
#######...###
#######.>.'.###########
..........##..#.......#
....##....####'.......#
###.##....#############.
..#.##..................
#...####.#####.#.rb.#.#.
###...#..# #.#@†###
....#...## #.#!r......
.##...########.#......##
.................#.####
..#...#####..#.#.#.#
..#...# #.#.#.# ..#...#
#.#.#.# ..#...# ###
..#...#


You could see a quokka, a bat and a rat.

Vanquished Creatures
  A ball python (D:1)
  An endoplasm (D:1)
  A hobgoblin (D:1)
  A quokka (D:1)
  A rat (D:1)
5 creatures vanquished.

Notes
Turn   | Place    | Note
-------+----------+-------------------------------------------
     0 | D:1      | bromine the Djinni Hedge Wizard began the quest for the
                  | Orb.
     0 | D:1      | Reached XP level 1. HP: 15/15 MP: 0/0
   153 | D:1      | Found Jyum's Antique Armour Emporium.
   489 | D:1      | Reached XP level 2. HP: 7/21 MP: 0/0
   490 | D:1      | HP: 1/21 [rat (3)]
   490 | D:1      | Slain by a quokka

Illustrated notes

Levels and vault maps discovered:
D:1:      dpeg_arrival_connections, layout_basic,
          shapermc_ecumenical_altar_venn, serial_shops, shop

Action                   || total
-------------------------++-------
Melee: Great sword       ||    20
 Cast: Magic Dart        ||     1
  Use: Potion            ||     1
Armor: Ring mail         ||    19
Dodge: Dodged            ||    32

Table legend: (Time is in decaauts)
 A = Elapsed time spent in this place.
 B = Non-inter-level travel time spent in this place.
 C = Inter-level travel time spent in this place.
 D = Time resting spent in this place.
 E = Time spent auto-exploring this place.
 F = Levels seen in this place.
 G = Mean time per level.
                   A        B        C        D        E       F      G
               +--------+--------+--------+--------+--------+-----+--------+
         Total |    502 |    502 |      0 |    294 |     99 |   1 |  502.0 |
       Dungeon |    502 |    502 |      0 |    294 |     99 |   1 |  502.0 |
               +--------+--------+--------+--------+--------+-----+--------+

Top non-repeatable levels by time:
     D:1: 502 daAuts
